 Dungeon Crawl Stone Soup version 0.22.0-75-g3901e7991e (webtiles) character file.

379936 Jannitor the Alchemist (level 22, 0/273 HPs)
             Began as a Barachi Transmuter on Sept 10, 2018.
             Was a High Priest of Uskayaw.
             Slain by a titan (26 damage)
             ... on level 5 of the Vaults on Sept 13, 2018.
             The game lasted 03:58:07 (82546 turns).

Jannitor the Alchemist (Barachi Transmuter)        Turns: 82546, Time: 03:58:08

Health: 0/273      AC: 16    Str: 21    XL:     22   Next: 86%
Magic:  3/37       EV: 26    Int: 24    God:    Uskayaw [*****.]
Gold:   3223       SH:  0    Dex: 27    Spells: 7/44 levels left

rFire    + + +     SeeInvis .     - Unarmed
rCold    . . .     Gourm    .   (shield currently unavailable)
rNeg     . . .     Faith    +   (armour currently unavailable)
rPois    +         Spirit   .   (helmet currently unavailable)
rElec    +         Reflect  .   (cloak currently unavailable)
rCorr    +         Harm     .   (gloves currently unavailable)
MR       +....                  (boots currently unavailable)
Stlth    ++++......             A - amulet of faith
HPRegen  1.55/turn              T - ring of Zobaoput {rC+ MR+ Dex+4}
MPRegen  0.25/turn              X - ring of Henamu Lium {Fire rPois Int+8 Dex-3 Stlth+}

@: agile, dragon-form, resistant, vulnerable, singing (expiring), flying,
regenerating, deflect missiles
A: giant, +LOS, swims, MP-powered wands
}: 2/15 runes: decaying, gossamer
a: End Transformation, Stomp, Line Pass, Grand Finale, Renounce Religion,
Breathe Fire


You were on level 5 of the Vaults.
You worshipped Uskayaw.
Uskayaw was pleased with you.
You were not hungry.
You were a fearsome dragon!
You visited 8 branches of the dungeon, and saw 40 of its levels.
You also visited: Labyrinth, Sewer and Ice Cave.

You collected 4916 gold pieces.
You spent 1693 gold pieces at shops.

Inventory:

Missiles
 a - 942 arrows
 H - 2 throwing nets (quivered)
Armour
 o - a +0 hat of intelligence (melded)
 D - the +3 ring mail "Uqempen" (melded) {rC+ Dex-3 SInv}
   (You found it on level 6 of the Dungeon)

   It affects your dexterity (-3).
   It protects you from cold.
   It lets you see invisible.
 R - a +2 cloak (melded)
 V - the +0 pair of fencer's gloves (melded) {+Riposte Dex+3}
   (You found it in a labyrinth)

   It affects your dexterity (+3).
Jewellery
 f - an uncursed ring of resist corrosion
 k - an uncursed ring of protection from cold
 u - an uncursed ring of positive energy
 v - the ring "Qemiur" {+Fly rF+}
   (You took it off a deep elf demonologist on level 3 of the Elven Halls)

   [ring of protection from fire]

   It protects you from fire.
   It lets you fly.
 A - an amulet of faith (around neck)
 O - the ring of Dusaumi {*Contam rPois rC+++ MR- SInv}
   (You took it off a deep elf archer on level 3 of the Elven Halls)

   [ring of poison resistance]

   It renders you almost immune to cold.
   It protects you from poison.
   It affects your resistance to hostile enchantments.
   It lets you see invisible.
   It causes magical contamination when unequipped.
 T - the ring of Zobaoput (left foreclaw) {rC+ MR+ Dex+4}
   (You found it on level 6 of the Lair of Beasts)

   [ring of protection from cold]

   It affects your dexterity (+4).
   It protects you from cold.
   It affects your resistance to hostile enchantments.
 X - the ring of Henamu Lium (right foreclaw) {Fire rPois Int+8 Dex-3 Stlth+}
   (You found it on level 6 of the Dungeon)

   [ring of fire]

   It enhances your fire magic.
   It affects your intelligence (+8).
   It affects your dexterity (-3).
   It protects you from fire.
   It makes you vulnerable to cold.
   It protects you from poison.
   It makes you more stealthy.
Wands
 i - a wand of paralysis (26)
 r - a wand of flame (102)
 t - a wand of clouds (6)
 y - a wand of iceblast (28)
 B - a wand of disintegration (15)
 G - a wand of polymorph (32)
 I - a wand of scattershot (4)
 P - a wand of acid (12)
 Z - a wand of enslavement (8)
Scrolls
 b - 11 scrolls of enchant armour
 e - 9 scrolls of identify
 l - a scroll of holy word
 n - 2 scrolls of fear
 w - 17 scrolls of remove curse
 z - 4 scrolls of magic mapping
 C - 3 scrolls of teleportation
 F - 2 scrolls of immolation
 J - 11 scrolls of amnesia
 L - 3 scrolls of fog
Potions
 c - 5 potions of invisibility
 g - 3 potions of cancellation
 h - 2 potions of agility
 j - 7 potions of curing
 m - 4 potions of mutation
 p - a potion of resistance
 q - 7 potions of brilliance
 s - 3 potions of haste
 x - 6 potions of lignification
 E - 5 potions of might
 K - a potion of magic
 N - 5 potions of flight
 S - 2 potions of berserk rage
 W - 4 potions of ambrosia
Miscellaneous
 M - a lamp of fire
 Q - 2 phantom mirrors
 Y - a fan of gales
Comestibles
 d - 25 rations


   Skills:
 + Level 17.2 Fighting
 - Level 7.5 Armour
 + Level 17.6 Dodging
 + Level 16.3 Unarmed Combat
 + Level 11.6 Spellcasting
 - Level 11.2 Charms
 - Level 4.7 Necromancy
 + Level 18.6 Transmutations
   Level 4.1 Ice Magic
 - Level 12.2 Air Magic
 + Level 13.5 Invocations


You had 7 spell levels left.
You knew the following spells:

 Your Spells              Type           Power        Failure   Level  Hunger
a - Beastly Appendage     Tmut           ######       0%          1    None
b - Sticks to Snakes      Tmut           #######.     0%          2    None
c - Irradiate             Conj/Tmut      ######....   2%          5    ####...
d - Blade Hands           Tmut           #######...   1%          5    ####...
f - Song of Slaying       Chrm           ######..     1%          2    None
g - Regeneration          Chrm/Necr      ######....   1%          3    None
h - Dragon Form           Tmut           #######...   1%          7    #######
i - Deflect Missiles      Chrm/Air       ######....   5%          6    #####..
j - Hydra Form            Tmut           #######...   1%          6    #####..

Your spell library contained the following spells:

 Spells                   Type           Power        Failure   Level  Hunger
 Animate Skeleton         Necr           N/A          1%          1    None
 Freeze                   Ice            ####         1%          1    None
 Infusion                 Chrm           ####         1%          1    None
 Pain                     Necr           ####         1%          1    None
 Poisonous Vapours        Pois/Air       #####.       1%          2    None
 Shroud of Golubria       Chrm/Tloc      #####.....   1%          2    None
 Ignite Poison            Fire/Tmut/Pois ######..     1%          3    None
 Spectral Weapon          Hex/Chrm       #####...     1%          3    None
 Spider Form              Tmut/Pois      ######....   1%          3    None
 Vampiric Draining        Necr           #####.....   1%          3    None
 Ice Form                 Ice/Tmut       ######..     1%          4    None
 Petrify                  Tmut/Erth      ######..     1%          4    None
 Mephitic Cloud           Conj/Pois/Air  ####....     2%          3    None
 Alistair's Intoxication  Tmut/Pois      ######..     2%          5    ####...
 Yara's Violent Unravell  Hex/Tmut       ######....   2%          5    ####...
 Ensorcelled Hibernation  Hex/Ice        ###...       3%          2    None
 Confusing Touch          Hex            ##....       4%          1    None
 Corona                   Hex            ##.....      4%          1    None
 Magic Dart               Conj           ##..         4%          1    None
 Sting                    Conj/Pois      ##..         4%          1    None
 Summon Small Mammal      Summ           ##..         4%          1    None
 Excruciating Wounds      Chrm/Necr      ######....   4%          5    ####...
 Blink                    Tloc           N/A          7%          2    None
 Call Imp                 Summ           ##......     7%          2    None
 Slow                     Hex            ##......     7%          2    None
 Throw Flame              Conj/Fire      ###...       7%          2    None
 Call Canine Familiar     Summ           ##......     14%         3    None
 Confuse                  Hex            ##......     14%         3    None
 Conjure Flame            Conj/Fire      ###.....     14%         3    None
 Dazzling Spray           Conj/Hex       ##....       14%         3    None
 Gell's Gravitas          Tloc           ##........   14%         3    None
 Inner Flame              Hex/Fire       ###.....     14%         3    None
 Portal Projectile        Hex/Tloc       ##....       14%         3    None
 Summon Guardian Golem    Hex/Summ       ##......     14%         3    None
 Tukima's Dance           Hex            ##......     14%         3    None
 Statue Form              Tmut/Erth      ######...    16%         6    #####..
 Cause Fear               Hex            ##........   41%         4    None
 Leda's Liquefaction      Hex/Erth       ##........   41%         4    None
 Olgreb's Toxic Radiance  Pois           ##......     41%         4    None
 Borgnjor's Vile Clutch   Necr/Erth      ####......   43%         5    ####...
 Metabolic Englaciation   Hex/Ice        ###.......   47%         5    ####...
 Freezing Cloud           Conj/Ice/Air   #####.....   58%         6    #####..
 Simulacrum               Ice/Necr       #####.....   73%         6    #####..
 Aura of Abjuration       Summ           ##........   77%         5    ####...
 Bolt of Magma            Conj/Fire/Erth ###.......   77%         5    ####...
 Fireball                 Conj/Fire      ###.......   77%         5    ####...
 Venom Bolt               Conj/Pois      ##........   77%         5    ####...
 Ring of Flames           Chrm/Fire      ######....   98%         7    #######
 Bolt of Fire             Conj/Fire      ###.......   100%        6    #####..
 Iron Shot                Conj/Erth      ##........   100%        6    #####..
 Spellforged Servitor     Conj/Summ      ##........   100%        7    #######
 Ignition                 Fire           ###.......   100%        8    #######
 Shatter                  Erth           ##........   100%        9    #######


Dungeon Overview and Level Annotations

Branches:
Dungeon (15/15)            Temple (1/1) D:7            Lair (6/6) D:11
  Swamp (4/4) Lair:2       Spider (4/4) Lair:3        Slime (0/5) Lair:6
    Orc (2/2) D:11            Elf (3/3) Orc:2        Vaults (5/5) D:14
  Crypt (0/3) Vaults:3     Depths (0/5) D:15

Altars:
Ashenzari
Cheibriados
Dithmenos
Elyvilon
Fedhas
Gozag
Hepliaklqana
Kikubaaqudgha
Makhleb
Nemelex Xobeh
Okawaru
Qazlal
Ru
Sif Muna
Trog
Uskayaw
Vehumet
Wu Jian
Xom
Yredelemnul
Zin
The Shining One
Beogh
Jiyva

Shops:
D:5 =   D:10 [?   D:12 *   D:14 ?   Orc:2 }?([   Elf:1 *

Portals:
Trove: Vaults:4 (give 18 potions of curing)

Annotations:
Lair:1 exclusion: oklob plant
Lair:6 1 exclusion
Swamp:3 2 transporters, Duecothri's ghost, journeyman MiFi
Spider:1 exclusion: downstairs
Spider:2 exclusion: emperor scorpion
Spider:4 1 runed door, P0WERM0DE's ghost, journeyman DDFi
Elf:2 3 runed doors


Innate Abilities, Weirdness & Mutations

Shadows flee at your approach. (+LOS)
You can swim through water.
((You cover ground slowly.))
((You can hop long distances.))
((You have sharp toenails.))
You expend magic power (3 MP) to strengthen your wands.


Message History

You hear a shout! x2
A titan comes into view.
The iron dragon breathes metal splinters at you.
The spray of metal splinters misses you.
You maul the sphinx!!!
You kill the iron dragon!
You kill the sphinx!
Your life force feels restored.
Your song is almost over.
A shadow dragon comes into view.
You can now merge with and destroy a victim.
Unknown command.
You bite the titan!! You claw the titan!!
The titan is severely wounded.
An ettin comes into view. It is wielding two dire flails.
Unknown command.
The ettin shouts in stereo!
You bite the titan!! You bite the titan.
The titan is almost dead.
The titan hits you!!
You die...

#?)[ .... ..... #....#
.....# #....# ..Cc.#
#.c..# #...§# # #....#
#.§§§#####..#....#####
#§CDC§.?...#....#....
#§§D§§.....)..)...).
#########.).(().Y###
........).<<)).(..
........<)p<.....
[......eX...(..
.......Dp..[..(
####.c......###
#..).......#
#..#....#.#}


You could see a shadow dragon, a titan and an ettin.

Vanquished Creatures
  Nikola (Vaults:3)
  2 liches
  3 deep elf master archers (Elf:3)
  2 deep elf blademasters
  Asterion (Spider:3)
  A quicksilver dragon (Vaults:5)
  2 sphinxes
  Kirke (Swamp:3)
  The ghost of Erymatos the Warrior, an adept MiBe of Trog (Spider:1)
  5 thorn hunters
  3 shadow dragons
  A storm dragon (Vaults:5)
  A tengu reaver (Vaults:5)
  The ghost of yann the Warrior, an adept GrEE of Ashenzari (Swamp:2)
  Donald (Elf:3)
  Roxanne (Swamp:2)
  3 fire giants
  6 deep elf sorcerers
  A revenant (Vaults:3)
  2 frost giants
  Louise (Swamp:4)
  An iron dragon (Vaults:5)
  4 ghost moths (Spider:4)
  An orc warlord (Vaults:1)
  7 vault wardens
  2 emperor scorpions (Spider:4)
  6 deep elf elementalists
  11 ironheart preservers
  4 entropy weavers
  7 very ugly things
  11 stone giants
  6 deep elf demonologists
  6 deep elf annihilators (Elf:3)
  3 spark wasps
  A minotaur (Lab)
  5 dire elephants (Lair:6)
  5 deep elf death magi
  Snorg (D:13)
  4 ettins
  A crystal guardian (Vaults:3)
  The ghost of martbhell the Severer, a journeyman MiBe of Trog (D:13)
  11 yaktaur captains
  2 great orbs of eyes
  5 deep elf high priests (Elf:3)
  2 fire dragons (Vaults:3)
  Erolcha (Orc:2)
  22 hydras
  28 vault guards
  2 ice dragons (Vaults:1)
  2 rakshasas (Vaults:3)
  An anaconda (Lair:6)
  9 centaur warriors
  3 death knights
  8 ogre magi
  30 two-headed ogres
  12 dancing weapons
  The ghost of rumpelstilzz the Spear-Bearer, a novice CeFi of Qazlal (D:10)
  A vampire mage (Vaults:3)
  9 alligators
  3 deep troll earth magi
  A tengu warrior (D:15)
  20 deep elf knights
  6 skeletal warriors
  3 flayed ghosts
  A shadow wraith (Vaults:4)
  2 unseen horrors
  An unseen horror (shapeshifter) (D:14)
  A spriggan druid (Swamp:4)
  7 deep trolls
  10 swamp dragons
  3 phantasmal warriors
  12 ironbrand convokers
  A shambling mangrove (Swamp:2)
  5 necromancers
  5 wizards
  8 orb spiders
  15 deep elf archers
  A harpy (Vaults:3)
  18 orc knights
  56 deep elf magi
  A lindwurm (shapeshifter) (Vaults:3)
  A mana viper (shapeshifter) (Vaults:3)
  22 ugly things
  31 wolf spiders
  16 orc sorcerers
  6 cyclopes
  3 manticores
  12 elephants (Lair:6)
  The ghost of Azzok the Digger, a novice DsEE of Vehumet (D:6)
  A centaur zombie (D:14)
  Joseph (D:7)
  Maurice (D:8)
  2 moths of wrath
  17 vault sentinels
  An eye of devastation (shapeshifter) (Elf:3)
  A water nymph (shapeshifter) (Elf:3)
  7 black mambas
  A naga mage (D:15)
  5 ice statues (IceCv)
  3 gargoyles
  10 spiny frogs
  A torpor snail (Lair:6)
  2 kobold demonologists
  3 rime drakes
  13 demonic crawlers
  A tengu conjurer (D:15)
  12 freezing wraiths
  21 yaktaurs
  6 komodo dragons
  2 small abominations
  A polar bear (shapeshifter) (Vaults:1)
  3 anaconda simulacra (IceCv)
  8 tyrant leeches
  21 jumping spiders
  5 trolls
  7 polar bears
  20 hornets
  7 bog bodies
  6 meliai (D:15)
  13 blink frogs
  10 hippogriffs
  44 slime creatures
  A raiju (Lair:1)
  A dream sheep (shapeshifter) (D:13)
  2 centaur simulacra (D:12)
  2 vampires
  6 large abominations
  2 air elementals
  4 dire elephant simulacra (IceCv)
  2 water elementals (Elf:2)
  2 spriggans (shapeshifter)
  A shadow (Vaults:3)
  7 spriggans
  69 redbacks
  35 yaks
  24 tarantellas
  A wyvern (D:15)
  2 fire elementals (Elf:3)
  7 wraiths
  2 human simulacra
  2 hungry ghosts (Lab)
  27 vampire mosquitoes
  10 swamp worms
  4 wargs
  3 insubstantial wisps (Swamp:1)
  A harpy simulacrum (IceCv)
  A soldier ant (D:15)
  A hydra simulacrum (IceCv)
  An acid dragon (Vaults:1)
  A water moccasin (shapeshifter) (Vaults:3)
  14 water moccasins
  Duvessa (D:6)
  A swamp drake (shapeshifter) (D:13)
  Purgy (Sewer)
  A hornet zombie (D:14)
  9 porcupines
  18 swamp drakes
  An eye of draining (shapeshifter) (D:15)
  15 ice beasts
  2 sky beasts
  A meliai simulacrum (D:12)
  43 orc warriors
  An eye of draining (D:11)
  2 phantoms
  22 ogres
  23 wolves
  7 centaurs
  12 crocodiles
  An elf zombie (Elf:1)
  9 big kobolds
  12 bullfrogs
  2 earth elementals
  A wyvern zombie (D:14)
  Dowan (D:6)
  A wyvern skeleton (D:11)
  7 scorpions
  3 killer bees (D:10)
  4 wights (D:8)
  3 vampire bats (Lair:4)
  3 howler monkeys
  4 electric eels
  2 crimson imps
  2 bullfrog zombies
  9 hounds
  17 orc priests
  3 bullfrog skeletons
  2 jellies
  3 centaur skeletons
  An iron imp (Orc:2)
  29 orc wizards
  Jessica (D:3)
  12 worker ants
  Terence (D:3)
  2 iguanas
  A bullfrog simulacrum (D:12)
  4 worker ant zombies
  14 adders
  8 gnolls
  6 shadow imps
  7 white imps
  A worker ant simulacrum (D:6)
  2 ufetubi
  An ooze (D:1)
  An adder skeleton (D:4)
  5 worms
  4 dart slugs
  8 leopard geckos
  90 orcs
  A ball python (D:7)
  11 bats
  10 giant cockroaches
  3 goblins
  8 hobgoblins
  8 jackals
  3 quokkas
  10 frilled lizards
  A jackal zombie (D:6)
  29 kobolds
  A quokka skeleton (D:5)
  A quokka zombie (D:10)
  7 rats
  A briar patch (Swamp:2)
  2 crawling corpses (Vaults:5)
  3 plants (Lair:6)
1585 creatures vanquished.

Vanquished Creatures (collateral kills)
  Rupert (D:12)
  A fire dragon (Vaults:3)
  A great orb of eyes (Vaults:3)
  A yaktaur captain (Vaults:4)
  3 hydras
  A dancing weapon (Elf:2)
  An ogre mage (Vaults:3)
  2 deep elf knights (Vaults:3)
  An ironbrand convoker (Vaults:3)
  A deep elf mage (Elf:2)
  An ugly thing (Vaults:3)
  A komodo dragon (D:11)
  A troll (Vaults:4)
  A basilisk (Lair:3)
  A wraith (Vaults:3)
  2 vampire mosquitoes (Swamp:2)
  Edmund (D:6)
  3 orc wizards
  A centaur skeleton (D:11)
  A bullfrog skeleton (D:11)
  2 orcs
28 creatures vanquished.

Vanquished Creatures (others)
  A deep elf mage (Elf:3)
  A redback (Spider:4)
  A swamp worm (Swamp:1)
  An orc wizard (Orc:2)
  A white imp (D:12)
  An orc (Vaults:3)
  A briar patch (Swamp:2)
  29 fungi
  15 plants
51 creatures vanquished.

Grand Total: 1664 creatures vanquished

Notes
Turn   | Place    | Note
-------+----------+-------------------------------------------
     0 | D:1      | Jannitor the Barachi Transmuter began the quest for the
                  | Orb.
     0 | D:1      | Reached XP level 1. HP: 15/15 MP: 3/3
    32 | D:1      | Reached XP level 2. HP: 13/21 MP: 3/5
   449 | D:1      | Reached XP level 3. HP: 23/27 MP: 6/6
   899 | D:2      | Reached XP level 4. HP: 28/34 MP: 7/7
  1008 | D:2      | Reached skill level 3 in Transmutations
  1103 | D:2      | Reached XP level 5. HP: 35/40 MP: 8/8
  1708 | D:3      | Learned a level 2 spell: Sticks to Snakes
  2063 | D:3      | Found a glowing drain.
  2081 | Sewer    | Entered a sewer
  2209 | Sewer    | Noticed Purgy
  2232 | Sewer    | Killed Purgy
  2232 | Sewer    | Reached XP level 6. HP: 42/47 MP: 1/9
  2714 | D:3      | Noticed Jessica
  2723 | D:3      | Killed Jessica
  2723 | D:3      | Reached skill level 4 in Transmutations
  3256 | D:3      | Noticed Terence
  3776 | D:4      | Reached skill level 5 in Unarmed Combat
  3779 | D:4      | Reached XP level 7. HP: 25/54 MP: 10/10
  4632 | D:5      | Entered Level 5 of the Dungeon
  5184 | D:5      | Found Petuhiff's Jewellery Shoppe.
  5502 | D:5      | Reached skill level 5 in Fighting
  5502 | D:5      | Reached skill level 5 in Dodging
  5502 | D:5      | Reached skill level 5 in Transmutations
  5901 | D:5      | Reached XP level 8. HP: 62/62 MP: 11/11
  6267 | D:6      | Found a runed gate.
  6268 | D:6      | Found a runed gate.
  6269 | D:6      | Found a runed gate.
  6282 | D:6      | Identified the +4 naga barding of the Oligarchy {rElec rF-
                  | rC+ MR+++} (You found it on level 6 of the Dungeon)
  6300 | D:6      | Noticed Edmund
  6315 | D:6      | Killed Edmund
  6655 | D:6      | Learned a level 3 spell: Spider Form
  6764 | D:6      | Got a slimy ring mail
  6775 | D:6      | Identified the +3 ring mail "Uqempen" {rC+ Dex-3 SInv} (You
                  | found it on level 6 of the Dungeon)
  6893 | D:6      | Noticed Duvessa
  6893 | D:6      | Noticed Dowan
  6897 | D:6      | Killed Duvessa
  6913 | D:6      | Killed Dowan
  6913 | D:6      | Reached skill level 6 in Transmutations
  7139 | D:6      | Noticed Azzok's ghost (novice DsEE)
  7352 | D:7      | Found a basalt altar of Yredelemnul.
  7398 | D:7      | Reached XP level 9. HP: 57/71 MP: 12/12
  7794 | D:7      | Noticed Joseph
  7896 | D:7      | Killed Joseph
  7896 | D:7      | Reached skill level 7 in Transmutations
  8277 | D:7      | Found a blossoming altar of Fedhas.
  8442 | D:7      | Found a staircase to the Ecumenical Temple.
  8463 | Temple   | Entered the Ecumenical Temple
  8627 | Temple   | Became a worshipper of Uskayaw the Reveler
  8726 | D:8      | Got a translucent ring mail
  8737 | D:8      | Identified the +3 ring mail of Trog's Favour {+Fly rElec
                  | rC-} (You found it on level 8 of the Dungeon)
  8782 | D:8      | Reached * piety under Uskayaw
  8790 | D:8      | Reached ** piety under Uskayaw
  8795 | D:8      | Got a crude ring mail
  8857 | D:8      | Identified the +1 ring mail of the Blacksmith {rC+ MP+9
                  | Dex+2 Slay-4} (You found it on level 8 of the Dungeon)
  8912 | D:8      | Reached *** piety under Uskayaw
  8973 | D:8      | Reached skill level 1 in Armour
  9360 | D:8      | Noticed Maurice
  9399 | D:8      | Killed Maurice
  9399 | D:8      | Reached XP level 10. HP: 58/80 MP: 13/13
  9966 | D:9      | Reached **** piety under Uskayaw
  9972 | D:9      | Reached ***** piety under Uskayaw
 10014 | D:9      | Reached skill level 8 in Transmutations
 10348 | D:10     | Entered Level 10 of the Dungeon
 10386 | D:10     | Found a snail-covered altar of Cheibriados.
 10900 | D:10     | Found a transporter.
 11138 | D:10     | Noticed rumpelstilzz's ghost (novice CeFi)
 11139 | D:10     | Found a transporter.
 11139 | D:10     | Noticed a two-headed ogre
 11139 | D:10     | Noticed a two-headed ogre
 11139 | D:10     | Noticed a two-headed ogre
 11261 | D:10     | Found Cyhonijec's Armour Emporium.
 11710 | D:10     | Noticed an unseen horror
 11727 | D:10     | Killed an unseen horror
 11868 | D:10     | Found Puhuor's Magic Scroll Shoppe.
 11877 | D:10     | Bought a scroll of fear for 42 gold pieces
 11877 | D:10     | Bought 2 scrolls of amnesia for 84 gold pieces
 11877 | D:10     | Bought a scroll of teleportation for 36 gold pieces
 12017 | D:11     | Noticed a two-headed ogre
 12072 | D:11     | Killed a two-headed ogre
 12225 | D:11     | Learned a level 5 spell: Blade Hands
 12315 | D:11     | Reached skill level 5 in Armour
 12315 | D:11     | Reached XP level 11. HP: 89/89 MP: 13/16
 12698 | D:11     | Found a staircase to the Lair.
 12888 | D:11     | Reached skill level 9 in Transmutations
 13159 | D:11     | Noticed a two-headed ogre
 13172 | D:11     | Killed a two-headed ogre
 13208 | D:11     | Noticed a cyan ugly thing
 13220 | D:11     | Killed a cyan ugly thing
 13705 | D:11     | Found a staircase to the Orcish Mines.
 13880 | Lair:1   | Entered Level 1 of the Lair of Beasts
 14739 | Lair:1   | Noticed Urug
 14741 | Lair:1   | Noticed Urug
 14741 | Lair:1   | Urug changed into Urug the two-headed ogre
 14750 | Lair:1   | Killed Urug the two-headed ogre
 14750 | Lair:1   | Reached skill level 10 in Fighting
 14860 | Lair:1   | Noticed Erica
 14862 | Lair:1   | Noticed Erica
 14862 | Lair:1   | Erica changed into Erica the raiju
 14872 | Lair:1   | Killed Erica the raiju
 15099 | Lair:1   | Noticed an oklob plant
 15316 | Lair:1   | Learned a level 4 spell: Ice Form
 15649 | Lair:2   | Reached skill level 1 in Ice Magic
 16213 | Lair:2   | Reached skill level 10 in Unarmed Combat
 16267 | Lair:2   | Reached XP level 12. HP: 76/98 MP: 12/17
 16276 | Lair:2   | Reached ****** piety under Uskayaw
 16338 | Lair:2   | Reached skill level 10 in Dodging
 16554 | Lair:2   | Found a staircase to the Swamp.
 16707 | Lair:2   | Reached skill level 10 in Transmutations
 18564 | Lair:3   | Noticed a four-headed hydra
 18568 | Lair:3   | Found a hole to the Spider Nest.
 18574 | Lair:3   | Killed a four-headed hydra
 18574 | Lair:3   | Reached skill level 1 in Invocations
 19860 | Lair:4   | Noticed a seven-headed hydra
 22110 | Lair:6   | Entered Level 6 of the Lair of Beasts
 22110 | Lair:6   | Found a staircase to the Slime Pits.
 22110 | Lair:6   | Found a viscous altar of Jiyva.
 22131 | Lair:6   | Gained mutation: You can hop long distances. [Barachi
                  | growth]
 22131 | Lair:6   | Reached XP level 13. HP: 78/106 MP: 14/18
 22214 | Lair:6   | Reached skill level 11 in Transmutations
 22214 | Lair:6   | Reached skill level 5 in Invocations
 22282 | Lair:6   | Found a labyrinth entrance.
 22290 | Lab      | Entered a labyrinth
 22548 | Lab      | Got a jewelled chain mail
 22551 | Lab      | Identified the +5 chain mail of Joimesis {Dex+3} (You found
                  | it in a labyrinth)
 22769 | Lab      | Found an exit through the horrors of the Abyss.
 22906 | Lab      | Noticed a minotaur
 22914 | Lab      | Killed a minotaur
 22947 | Lab      | Identified the Tome of the Unholy Frostbite
 22948 | Lab      | Found the +0 pair of fencer's gloves {+Riposte Dex+3}
 22951 | Lab      | Got a pair of faintly glowing gloves
 22953 | Lab      | Got a twitching tin ring
 22955 | Lab      | Identified the ring of Oxaa {Dex+4 Stlth-} (You found it in
                  | a labyrinth)
 22956 | Lab      | Identified the +1 pair of gloves "Mequosatu" {rCorr} (You
                  | found it in a labyrinth)
 24594 | Orc:1    | Entered Level 1 of the Orcish Mines
 24602 | Orc:1    | Noticed an ettin
 24604 | Orc:1    | Found a roughly hewn altar of Beogh.
 24771 | D:12     | Gained mutation: You expend magic power (3 MP) to
                  | strengthen your wands. [potion of mutation]
 24771 | D:12     | Gained mutation: You have sharp toenails. [potion of
                  | mutation]
 25200 | D:12     | Reached XP level 14. HP: 51/116 MP: 14/19
 25556 | D:12     | Found Xeeramon's General Store.
 25802 | D:12     | Learned a level 2 spell: Song of Slaying
 25806 | D:12     | Learned a level 3 spell: Regeneration
 25814 | D:12     | Noticed Rupert
 25814 | D:12     | Paralysed by Rupert for 4 turns
 25825 | D:12     | Killed Rupert
 25825 | D:12     | Reached skill level 1 in Charms
 26382 | D:13     | Reached skill level 12 in Transmutations
 26611 | D:13     | Noticed Snorg
 26629 | D:13     | Killed Snorg
 27282 | D:13     | Found a runed gate.
 27282 | D:13     | Found a runed gate.
 27283 | D:13     | Found a runed gate.
 27386 | D:13     | Noticed martbhell's ghost (journeyman MiBe)
 27408 | D:13     | Upgraded the game from 0.22.0-60-ga52c2fcf6e to
                  | 0.22.0-75-g3901e7991e
 27696 | D:3      | Killed Terence
 27911 | D:6      | Killed Azzok's ghost
 27937 | D:6      | Got the ring of Henamu Lium {Fire}
 28336 | D:10     | Killed rumpelstilzz's ghost
 28435 | D:11     | Reached skill level 5 in Spellcasting
 28986 | Orc:2    | Entered Level 2 of the Orcish Mines
 29487 | Orc:2    | Found a staircase to the Elven Halls.
 29714 | Orc:2    | Found a radiant altar of Vehumet.
 29714 | Orc:2    | Noticed Erolcha
 29726 | Orc:2    | Killed Erolcha
 29726 | Orc:2    | Reached XP level 15. HP: 85/123 MP: 13/23
 29732 | Orc:2    | Found Lausann's Antique Weapon Shoppe.
 29758 | Orc:2    | Found an ancient bone altar of Kikubaaqudgha.
 29980 | Orc:2    | Found a roughly hewn altar of Beogh.
 29980 | Orc:2    | Found Hulyamew's Gadget Emporium.
 29980 | Orc:2    | Found Sagyo's Antique Armour Shoppe.
 30000 | Orc:2    | Found Haown's Magic Scroll Emporium.
 30036 | Orc:2    | Bought a lamp of fire for 480 gold pieces
 30906 | D:14     | Found Boziat's Magic Scroll Boutique.
 30912 | D:14     | Bought a scroll of acquirement for 780 gold pieces
 30912 | D:14     | Identified Janatep's Handbook of Lucky Creation (You
                  | acquired it on level 14 of the Dungeon)
 31408 | D:14     | Found a gate to the Vaults.
 31712 | D:14     | Bought a scroll of summoning for 142 gold pieces
 31712 | D:14     | Bought a scroll of identify for 30 gold pieces
 31712 | D:14     | Identified the ring of Henamu Lium {Fire rPois Int+8 Dex-3
                  | Stlth+} (You found it on level 6 of the Dungeon)
 32264 | D:15     | Entered Level 15 of the Dungeon
 33602 | D:15     | Reached skill level 5 in Charms
 35056 | D:15     | Reached skill level 10 in Invocations
 35361 | D:15     | Found a staircase to the Depths.
 35645 | Swamp:1  | Entered Level 1 of the Swamp
 35943 | Swamp:1  | Reached XP level 16. HP: 90/132 MP: 22/25
 36127 | Swamp:1  | Reached skill level 13 in Transmutations
 37823 | Swamp:2  | Found a runed door.
 37823 | Swamp:2  | Noticed yann's ghost (adept GrEE)
 37912 | Swamp:2  | Noticed a thorn hunter
 38703 | Swamp:2  | Noticed a thorn hunter
 38716 | Swamp:2  | Killed a thorn hunter
 39247 | Swamp:2  | Noticed Roxanne
 39264 | Swamp:2  | Killed Roxanne
 39270 | Swamp:2  | Identified Roxanne's Collected Works on Transformation (You
                  | took it off Roxanne on level 2 of the Swamp)
 39418 | Swamp:2  | Learned a level 7 spell: Dragon Form
 39443 | Swamp:2  | Noticed a thorn hunter
 39454 | Swamp:2  | Killed a thorn hunter
 39986 | Swamp:2  | Killed a thorn hunter
 40652 | Swamp:3  | Found a transporter.
 40679 | Swamp:3  | Noticed Duecothri's ghost (journeyman MiFi)
 40680 | Swamp:3  | Found a transporter.
 41291 | Swamp:3  | Noticed Kirke
 41354 | Swamp:3  | Killed Kirke
 41354 | Swamp:3  | Reached skill level 14 in Transmutations
 41986 | Spider:1 | Entered Level 1 of the Spider Nest
 42469 | Spider:1 | Noticed Erymatos's ghost (adept MiBe)
 42472 | Spider:1 | Found a runed door.
 43617 | Spider:2 | Reached skill level 15 in Transmutations
 44320 | Spider:2 | Reached XP level 17. HP: 127/139 MP: 21/27
 45619 | Spider:3 | Noticed Asterion
 45635 | Spider:3 | Killed Asterion
 47012 | Spider:4 | Entered Level 4 of the Spider Nest
 47152 | Spider:4 | Found a frozen archway.
 47327 | IceCv    | Entered an ice cave
 47344 | IceCv    | Reached skill level 16 in Transmutations
 49693 | Spider:4 | Found a runed door.
 49693 | Spider:4 | Noticed P0WERM0DE's ghost (journeyman DDFi)
 50578 | Spider:4 | Reached skill level 10 in Spellcasting
 51911 | Spider:4 | HP: 6/139 [spark wasp (26)]
 51911 | Spider:4 | HP: 2/139 [spark wasp (4)]
 53426 | Spider:4 | Got a slimy ring mail
 53443 | Spider:3 | Reached skill level 1 in Necromancy
 53661 | Spider:3 | Identified the cursed +0 ring mail of Emets {Stlth+} (You
                  | found it on level 4 of the Spider Nest)
 54123 | Spider:4 | Found a runed door.
 54511 | Spider:4 | Reached XP level 18. HP: 139/146 MP: 27/32
 55559 | Spider:4 | Got a gossamer rune of Zot
 55939 | Vaults:1 | Entered Level 1 of the Vaults
 56034 | Vaults:1 | Reached skill level 17 in Transmutations
 59029 | Vaults:1 | Identified the Disquisition on Ignition and Summoning
 59856 | Vaults:1 | Learned a level 6 spell: Deflect Missiles
 59961 | Vaults:2 | Reached skill level 1 in Air Magic
 61461 | Vaults:2 | Paralysed by an ogre mage for 7 turns
 62110 | Vaults:2 | Reached XP level 19. HP: 143/154 MP: 33/33
 62385 | Vaults:2 | Reached skill level 15 in Dodging
 62731 | Vaults:2 | Reached skill level 15 in Fighting
 63060 | Vaults:3 | Noticed Nikola
 63074 | Vaults:3 | Killed Nikola
 63407 | Vaults:3 | Noticed a lich
 63424 | Vaults:3 | Killed a lich
 65127 | Vaults:3 | Reached skill level 5 in Air Magic
 65570 | Vaults:3 | Found a staircase to the Crypt.
 66865 | Vaults:3 | Reached XP level 20. HP: 75/163 MP: 24/34
 68150 | Vaults:4 | Reached skill level 18 in Transmutations
 68159 | Vaults:4 | Reached skill level 15 in Unarmed Combat
 70177 | Vaults:4 | Found a portal to a secret trove of treasure.
 70843 | Elf:1    | Entered Level 1 of the Elven Halls
 72330 | Elf:1    | Identified the Handbook of Evil
 72488 | Elf:1    | Found Veosoe's Assorted Antiques.
 72491 | Elf:1    | Bought a potion of curing for 99 gold pieces
 72833 | Elf:2    | Reached XP level 21. HP: 144/171 MP: 25/35
 74077 | Elf:2    | Found a runed gate.
 74110 | Elf:2    | Reached skill level 10 in Charms
 74304 | Elf:2    | Reached skill level 10 in Air Magic
 74468 | Elf:2    | Found a runed gate.
 74484 | Elf:2    | Found a runed gate.
 74639 | Elf:3    | Entered Level 3 of the Elven Halls
 74639 | Elf:3    | Noticed Donald
 74649 | Elf:3    | Killed Donald
 76094 | Elf:2    | Got a vibrating amber ring
 76529 | Elf:3    | Got a slimy jade ring
 76840 | Elf:3    | Identified the ring of Leaves {*Tele rPois rN+ Int+6 Dex-4}
                  | (You took it off a deep elf blademaster on level 2 of the
                  | Elven Halls)
 76842 | Elf:3    | Identified the ring of Dusaumi {*Contam rPois rC+++ MR-
                  | SInv} (You took it off a deep elf archer on level 3 of the
                  | Elven Halls)
 77627 | Elf:3    | Got a fine copper ring
 77737 | Elf:3    | Identified the ring "Qemiur" {+Fly rF+} (You took it off a
                  | deep elf demonologist on level 3 of the Elven Halls)
 77978 | Elf:3    | Learned a level 6 spell: Hydra Form
 78745 | Elf:3    | Learned a level 5 spell: Irradiate
 79369 | Swamp:4  | Entered Level 4 of the Swamp
 79369 | Swamp:4  | Noticed Louise
 79381 | Swamp:4  | Killed Louise
 79429 | Swamp:4  | Reached XP level 22. HP: 128/179 MP: 34/36
 79836 | Swamp:4  | Got a decaying rune of Zot
 81009 | D:13     | Killed martbhell's ghost
 81604 | Lair:6   | Got a clouded brass ring
 81608 | Lair:6   | Identified the ring of Zobaoput {rC+ MR+ Dex+4} (You found
                  | it on level 6 of the Lair of Beasts)
 81892 | Swamp:2  | Killed yann's ghost
 82077 | Spider:1 | Killed Erymatos's ghost
 82476 | Vaults:5 | Entered Level 5 of the Vaults
 82546 | Vaults:5 | Slain by a titan

Skill      XL: |  1  2  3  4  5  6  7  8  9 10 11 12 13 14 15 16 17 18 19 20 21 22 |
---------------+-------------------------------------------------------------------+-----
Fighting       | 2 3 4 5 6 8 9 10 11 12 13 14 15 16 17 | 17.2
Dodging        | 3 4 5 6 7 8 9 10 11 12 13 14 15 16 17 | 17.6
Unarmed Combat | 4 5 6 8 9 10 11 12 13 14 15 16 | 16.3
Transmutations | 3 4 5 6 7 8 9 10 11 12 15 16 17 18 | 18.6
Armour         | 2 5 7 |  7.5
Spellcasting   | 3 5 6 7 10 11 | 11.6
Ice Magic      | 2 4 |  4.1
Invocations    | 4 7 8 10 11 12 13 | 13.5
Charms         | 3 5 6 7 8 9 11 | 11.2
Necromancy     | 1 3 4 |  4.7
Air Magic      | 2 5 8 12 | 12.2

Action                   |  1- 3 |  4- 6 |  7- 9 | 10-12 | 13-15 | 16-18 | 19-21 | 22-24 || total
-------------------------+-------+-------+-------+-------+-------+-------+-------+-------++-------
Melee: Unarmed           |    27 |       |    25 |   627 |   930 |  1290 |   983 |   264 ||  4146
       Dagger            |    64 |   197 |   351 |   214 |       |       |       |       ||   826
       Headbutt          |     1 |     5 |    11 |       |       |       |       |       ||    17
       Kick              |     1 |     8 |    21 |    24 |   215 |   280 |   154 |    14 ||   717
       Punch             |     1 |     1 |     9 |    31 |    44 |    54 |    53 |     7 ||   200
       Tailslap          |       |       |       |       |       |    34 |    53 |     5 ||    92
       Bite              |       |       |       |       |       |    24 |    51 |     2 ||    77
Throw: Tomahawk          |       |       |       |     3 |       |       |       |       ||     3
       Throwing net      |       |       |       |       |       |     3 |       |       ||     3
 Cast: Beastly Appendage |     4 |    13 |    26 |    10 |       |       |       |       ||    53
       Sticks to Snakes  |       |     5 |    11 |    22 |    19 |    17 |    48 |     2 ||   124
       Spider Form       |       |       |     1 |    19 |       |       |       |       ||    20
       Blade Hands       |       |       |       |    14 |    69 |   116 |    67 |       ||   266
       Ice Form          |       |       |       |     2 |     3 |     5 |       |       ||    10
       Regeneration      |       |       |       |       |       |    71 |    40 |     9 ||   120
       Song of Slaying   |       |       |       |       |       |    37 |    20 |     4 ||    61
       Dragon Form       |       |       |       |       |       |    24 |    37 |     1 ||    62
       Deflect Missiles  |       |       |       |       |       |       |     5 |     2 ||     7
       Hydra Form        |       |       |       |       |       |       |     4 |    17 ||    21
Invok: Grand Finale      |       |       |       |       |       |       |       |     1 ||     1
 Abil: Hop               |       |     1 |     1 |     1 |     9 |    10 |     4 |       ||    26
       End Transformatio |       |       |       |       |     1 |    15 |     5 |       ||    21
       Breathe Fire      |       |       |       |       |       |     8 |     4 |       ||    12
Evoke: Wand              |       |       |     5 |    18 |    24 |   120 |     3 |       ||   170
       Lamp of fire      |       |       |       |       |     1 |     3 |     2 |       ||     6
       Fan of gales      |       |       |       |       |       |     2 |       |       ||     2
  Use: Potion            |       |     3 |       |     7 |    11 |    26 |     1 |     4 ||    52
       Scroll            |       |     2 |     7 |    17 |    20 |    13 |     9 |     3 ||    71
 Stab: Sleeping          |       |     4 |     2 |       |     1 |     3 |     2 |       ||    12
       Distracted        |       |       |     1 |     4 |       |     2 |     2 |     1 ||    10
       Confused          |       |       |     2 |     1 |     2 |     1 |       |       ||     6
       Paralysed         |       |       |     1 |    25 |    95 |   121 |   105 |    44 ||   391
  Eat: Chunk             |       |    19 |    23 |    55 |    65 |    51 |    50 |       ||   263
       Ration            |       |     1 |       |       |       |    22 |    11 |       ||    34
Armor: Robe              |    24 |    33 |    34 |       |       |       |       |       ||    91
       Ring mail         |       |       |    11 |   243 |   306 |   361 |    89 |     2 ||  1012
       Skin              |       |       |       |     8 |    12 |   119 |   102 |    37 ||   278
Dodge: Dodged            |    59 |   148 |   256 |   629 |   744 |  1133 |   542 |   214 ||  3725
       Deflected         |       |       |       |       |       |       |    29 |    12 ||    41
       Rpst.: Unarmed    |       |       |       |       |    40 |    42 |    15 |     3 ||   100
